cohdb
Replays
Latest Replays
All Replays
Popular Replays
Top Player Replays
Match Explorer
How It Works
Community
CoH3 Stats
Reddit
Sign in to upload your games and track your stats! →
Sign in with Steam
Match 31497778
Unlisted
Match 31497778
Overview
Messages
Build Orders
End
Kradschützen Motorcycle Team
250 Light Carrier
Panzergrenadier Squad
Selects Battlefield Espionage Battlegroup
Panzergrenadier Squad
Panzergrenadier Squad
Construct Light Support Kompanie
Fire Support Elements
Flakvierling Half-track
2.5-tonne Medical Truck
Pak 38 Anti-tank Gun Team
Panzergrenadier Squad
Veteran Squad Leaders
Selects Intel Disruption Beacon
Selects Plunder
Selects Firestorm
le.IG 18 Mechanized Group
Pak 38 Anti-tank Gun Team
Construct Panzerarmee Kommand
Armored Reserves
Selects 250/3 Funkpanzerwagen
Selects Anti-Tank Incendiary Munitions
Rapid Advance
Tungsten Core Ammunition
Firestorm
Tiger Heavy Tank
legion_66
丶egg
PustinjskiMis
Antoine Trinh
Tanzeel
Sgannarel
Vlambulance-YouTube
UNLIMITED CONSCRIPT SPAM
0
0
Comments
sign in to comment!
No comments posted yet!